 Dungeon Crawl Stone Soup version 0.21.1-1-g345015f (webtiles) character file.

128 glosham the Skirmisher (level 5, -6/35 HPs)
             Began as a Kobold Artificer on May 12, 2018.
             Killed from afar by Terence (9 damage)
             ... with a wand of flame (7)
             ... on level 3 of the Dungeon.
             The game lasted 00:08:36 (307 turns).

glosham the Skirmisher (Kobold Artificer)            Turns: 307, Time: 00:08:37

Health: -6/35      AC:  3    Str: 10    XL:     5   Next: 34%
Magic:  7/7        EV: 15    Int: 12    God:
Gold:   43         SH:  0    Dex: 16    Spells: 4/4 levels left

rFire    . . .     SeeInvis .   a - +1 dagger (venom)
rCold    . . .     Gourm    .   (shield restricted)
rNeg     . . .     Faith    .   i - +0 leather armour
rPois    .         Spirit   .   (no helmet)
rElec    .         Reflect  .   (no cloak)
rCorr    +         Harm     .   (no gloves)
MR       .....                  (no boots)
Stlth    ++........             (no amulet)
HPRegen  0.11/turn              A - ring of resist corrosion
MPRegen  0.10/turn              (no ring)

@: no status effects
A: small, carnivore
a: no special abilities


You were on level 3 of the Dungeon.
You were very full.

You visited 1 branch of the dungeon, and saw 3 of its levels.

You collected 43 gold pieces.

Inventory:

Hand Weapons
 a - a +1 dagger of venom (weapon)
 b - a +0 short sword
Missiles
 h - 13 stones (quivered)
 k - 2 tomahawks
Armour
 i - a +0 leather armour (worn)
 j - a +0 robe
Jewellery
 A - a ring of resist corrosion (left hand)
Wands
 c - a wand of flame (15)
 d - a wand of enslavement (8)
 e - a wand of random effects (13)
Scrolls
 l - a scroll of identify {unknown}
Potions
 g - a potion of ambrosia {unknown}
Comestibles
 f - 4 rations


   Skills:
 * Level 5.2 Fighting
 - Level 1.3 Short Blades
 - Level 2.4 Dodging
 - Level 1.3 Stealth
 - Level 3.6 Evocations


You had 4 spell levels left.
You didn't know any spells.

Dungeon Overview and Level Annotations

Branches:
Dungeon (3/15)

Altars:

Annotations:
D:3 Terence


Innate Abilities, Weirdness & Mutations

You are small and have problems with some larger weapons.
You are carnivorous and can eat meat at any time.


Message History

Your jackal bites the kobold.
The kobold dies!
A jackal comes into view.
The jackal barks!
You hear a shout!
The hobgoblin is no longer charmed.
Found a glaive.
Terence zaps a wand.
The puff of flame misses the hobgoblin.
You closely miss the jackal.
Terence is no longer charmed.
The jackal bites you. The jackal misses you.
You hit the jackal.
The jackal is poisoned.
The jackal is moderately wounded.
The jackal barely misses you.
Evoke which item? (* to show all) (? for menu, Esc to quit)
You don't have any such object.
Evoke which item? (* to show all) (? for menu, Esc to quit)
Okay, then.
Evoke which item? (* to show all) (? for menu, Esc to quit)
Aiming: Random Effects
Press: ? - help, Shift-Dir - straight line, f - jackal
Aim: a jackal (moderately wounded, poisoned)
The mass of ice explodes!
The iceblast engulfs Terence.
Terence is severely wounded.
You hear a shout! x5
The jackal misses you.
Terence zaps a wand.
The puff of flame hits you!
* * * LOW HITPOINT WARNING * * *
The jackal barely misses you.
Evoke which item? (* to show all) (? for menu, Esc to quit)
Aiming: Random Effects
Press: ? - help, Shift-Dir - straight line, f - jackal
Aim: a jackal (moderately wounded, poisoned) Terence flickers and vanishes!
The jackal bites you.
* * * LOW HITPOINT WARNING * * *
You hit the jackal.
The jackal looks as sick as possible!
The jackal is almost dead.
You kill the jackal!
You hear a zap.
A puff of flame appears from out of thin air!
The puff of flame hits you!
You die...

............#....
.......h.....#....
.....(...(...# ...
.............# ..[
......(......#
.........%...#
.............#
........g....#
.......@.....#
.............#
.............#
.............#
.............#
#.###....)...# .
##.####### #.


You could see a hobgoblin and a friendly jackal.

Vanquished Creatures
  A worm (D:2)
  A bat (D:3)
  2 goblins (D:1)
  A hobgoblin (D:1)
  A jackal (D:3)
  A kobold (D:1)
  5 rats
12 creatures vanquished.

Vanquished Creatures (collateral kills)
  Grinder (D:3)
  Jessica (D:2)
  A goblin (D:3)
  A kobold (D:3)
4 creatures vanquished.

Vanquished Creatures (others)
  A goblin (D:3)
1 creature vanquished.

Grand Total: 17 creatures vanquished

Notes
Turn   | Place    | Note
-------+----------+-------------------------------------------
     0 | D:1      | glosham the Kobold Artificer began the quest for the Orb.
     0 | D:1      | Reached XP level 1. HP: 12/12 MP: 3/3
   101 | D:1      | Reached skill level 2 in Fighting
   101 | D:1      | Reached XP level 2. HP: 17/17 MP: 4/4
   148 | D:2      | Noticed Jessica
   163 | D:2      | Killed Jessica
   163 | D:2      | Reached skill level 3 in Fighting
   163 | D:2      | Reached XP level 3. HP: 22/23 MP: 5/5
   268 | D:3      | Noticed Grinder
   274 | D:3      | Noticed Terence
   277 | D:3      | Paralysed by Grinder for 6 turns
   287 | D:3      | Killed Grinder
   287 | D:3      | Reached skill level 5 in Fighting
   287 | D:3      | Reached XP level 4. HP: 10/31 MP: 6/6
   287 | D:3      | Reached XP level 5. HP: 11/35 MP: 7/7
   305 | D:3      | HP: 3/35 [jackal (2)]
   307 | D:3      | Killed from afar by Terence

Skill      XL: |  1  2  3 |
---------------+----------+-----
Fighting       | 2 3 5 |  5.2
Short Blades   | |  1.3
Dodging        | |  2.4
Stealth        | |  1.3
Evocations     | |  3.6

Action                   |  1- 3 |  4- 6 || total
-------------------------+-------+-------++-------
Melee: Short sword       |    29 |       ||    29
       Dagger            |     2 |     4 ||     6
Evoke: Wand              |     7 |     2 ||     9
 Stab: Sleeping          |     1 |       ||     1
  Eat: Chunk             |     6 |       ||     6
Armor: Leather armour    |     6 |     1 ||     7
Dodge: Dodged            |    25 |     4 ||    29

Table legend:
 A = Turns spent in this place as a percentage of turns spent in the entire game.
 B = Non-inter-level travel turns spent in this place as a percentage of non-inter-level travel turns spent in the entire game.
 C = Inter-level travel turns spent in this place as a percentage of turns spent in this place.
 D = Turns resting spent in this place as a percentage of non-inter-level travel turns spent in this place.
 E = Turns spent auto-exploring this place as a percentage of non-inter-level travel turns spent in this place.
 F = Non-inter-level travel turns spent in this place divided by the number of levels of this place that you've seen.
                   A       B       C       D       E      F
               +-------+-------+-------+-------+-------+----------------------
         Total | 100.0 | 100.0 |   0.0 |   0.0 |   0.0 | 102.3
       Dungeon | 100.0 | 100.0 |   0.0 |   0.0 |   0.0 | 102.3
               +-------+-------+-------+-------+-------+----------------------

Table legend:
 A = Kills in this place as a percentage of kills in entire the game.
 B = Kills by you in this place as a percentage of kills by you in the entire game.
 C = Kills by friends in this place as a percentage of kills by friends in the entire game.
 D = Other kills in this place as a percentage of other kills in the entire game.
 E = Experience gained in this place as a percentage of experience gained in the entire game.
 F = Experience gained in this place divided by the number of levels of this place that you have seen.
                   A       B       C       D       E      F
               +-------+-------+-------+-------+-------+----------------------
         Total | 100.0 | 100.0 | 100.0 |   N/A | 100.0 |  61.3
       Dungeon | 100.0 | 100.0 | 100.0 |   N/A | 100.0 |  61.3
               +-------+-------+-------+-------+-------+----------------------

Vault maps used:
D:1:      nicolae_arrival_somewhat_less_tricky_arrival
D:2:      lemuel_crystal_altar, first_ration, minmay_misc_feat_room,
          uniq_jessica
D:3:      led_xom_imps, lemuel_crystal_altar, grunt_gozag_statues, uniq_robin,
          uniq_terence, uniq_natasha, uniq_grinder
